 Dungeon Crawl Stone Soup version 0.28.0-45-g0d030f2227 (webtiles) character file.

Game seed: 4895545329587158896

3841 theElss the Fighter (level 10, -3/65 HPs)
             Began as a Gargoyle Berserker on Apr 5, 2022.
             Was a Priest of Trog.
             Slain by an orc warrior
             ... wielding a +0 glaive
              (15 damage)
             ... on level 8 of the Dungeon.
             The game lasted 00:13:02 (6036 turns).

theElss the Fighter (Gargoyle Berserker)            Turns: 6036, Time: 00:13:03

Health: -3/65      AC: 21    Str: 26    XL:     10   Next: 18%
Magic:  10/10      EV: 13    Int:  7    God:    Trog [***...]
Gold:   296        SH:  0    Dex: 11    Spells: 9/9 levels left

rFire   . . .      SeeInvis .   a - +2 whip (vamp)
rCold   + . .      Faith    .   (no shield)
rNeg    + . .      Spirit   .   i - +0 ring mail
rPois   ∞          Reflect  .   (no helmet)
rElec   +          Harm     .   s - +1 cloak
rCorr   .          Rampage  .   B - +2 pair of gloves
Will    ++...                   p - +0 pair of boots
Stlth   +.........              (no amulet)
HPRegen 1.20/turn               y - ring of protection from cold
MPRegen 0.12/turn               (no ring)

@: strong-willed, on berserk cooldown, regenerating, slowed, very slow
A: sickness immunity, AC +7, negative energy resistance 1, electricity
resistance, torment resistance 1, petrification resistance, strong 1
a: Renounce Religion, Berserk, Trog's Hand


You were on level 8 of the Dungeon.
You worshipped Trog.
Trog was most pleased with you.
You visited 1 branch of the dungeon, and saw 8 of its levels.

You collected 296 gold pieces.

Inventory:

Hand Weapons
 a - a +2 vampiric whip (weapon)
 b - a +2 dire flail
Armour
 i - a +0 ring mail (worn)
 p - a +0 pair of boots (worn)
 s - a +1 cloak (worn)
 B - a +2 pair of gloves (worn)
Jewellery
 y - a ring of protection from cold (left hand)
Wands
 m - a wand of mindburst (9)
 q - a wand of flame (21)
 A - a wand of polymorph (8)
 C - a wand of paralysis (8)
Scrolls
 c - 4 scrolls of teleportation {unknown}
 d - 8 scrolls of identify {unknown}
 g - a scroll of fear {unknown}
 h - 3 scrolls of blinking {unknown}
 k - 2 scrolls of noise {unknown}
 n - a scroll of magic mapping {unknown}
 r - a scroll of holy word {unknown}
 t - a scroll of brand weapon {unknown}
 w - a scroll of summoning {unknown}
 z - a scroll of torment {unknown}
Potions
 e - a potion of heal wounds
 f - 3 potions of mutation
 j - 2 potions of curing
 l - 2 potions of haste {unknown}
 o - a potion of attraction {unknown}
 v - a potion of magic {unknown}
 x - 3 potions of might {unknown}


   Skills:
 + Level 8.5 Fighting
 + Level 7.8 Maces & Flails
 + Level 8.2 Armour
 + Level 6.2 Dodging


You had 9 spell levels left.
You didn't know any spells.
Your spell library was empty.

Dungeon Overview and Level Annotations

Branches:
Dungeon (8/15)             Temple (0/1) D:7
   Lair: D:8-11

Altars:
Ashenzari
Dithmenos
Elyvilon
Fedhas
Gozag
Makhleb
Sif Muna

Shops:
D:4 *

Annotations:
D:6 2 transporters


Innate Abilities, Weirdness & Mutations

You are immune to sickness and miasma.
Your stone body is resilient. (AC +7)
You are immune to poison.
You resist negative energy. (rN+)
You are resistant to electric shocks. (rElec)
You are resistant to unholy torment.
You are immune to petrification.
Your muscles are strong. (Str +2)


Message History

The gnoll closely misses you.
The orc warrior hits you from afar with a +0 glaive.
Your skin crawls.
You feel strong-willed. The gnoll barely misses you.
The orc warrior misses you. The gnoll misses you.
You closely miss the gnoll.
The gnoll is moderately wounded.
The orc warrior barely misses you. The gnoll closely misses you.
You barely miss the gnoll.
The gnoll is moderately wounded.
The orc warrior hits you but does no damage.
The gnoll hits you with a +0 flail.
You hit the gnoll but do no damage.
The gnoll is moderately wounded.
The orc warrior hits you from afar with a +0 glaive.
The gnoll misses you.
You hit the gnoll.
You feel better.
The gnoll is moderately wounded.
The orc warrior closely misses you. The gnoll hits you but does no damage.
You whack the gnoll!
You kill the gnoll!
Trog accepts your kill.
The orc warrior hits you from afar with a +0 glaive!
* * * LOW HITPOINT WARNING * * *
The orc warrior hits you from afar with a +0 glaive.
* * * LOW HITPOINT WARNING * * *
The orc warrior hits you but does no damage.
Things that are here:
a +0 spear; a gnoll corpse You barely miss the orc warrior.
The orc warrior is heavily wounded.
The orc warrior hits you with a +0 glaive!
* * * LOW HITPOINT WARNING * * *
You closely miss the orc warrior.
The orc warrior is heavily wounded.
The orc warrior closely misses you.
You hit the orc warrior.
You feel better.
The orc warrior is heavily wounded.
The orc warrior hits you with a +0 glaive!
You die...

#### ###### ######..# #..>..
#.))....## #.....
#@#####..####.....
##o#..###.......... ###.....#
######..... # #....##.# #.....
#. ###...[##.# ###.##
...##.####...#####)### #.##
...........(......)..## #.##
.$####..####.........#######.#.
###..## #...........(..##...


You could see an orc warrior.

Vanquished Creatures
  A hornet (D:8)
  Sigmund (D:6)
  6 yaks (D:8)
  3 vampire mosquitoes (D:8)
  3 ice beasts (D:6)
  A black bear (D:7)
  An ogre (D:7)
  5 centaurs
  5 bullfrogs
  A scorpion (D:4)
  3 wights (D:7)
  A centaur zombie (D:7)
  A bullfrog skeleton (D:6)
  A jelly (D:3)
  A gnoll shaman (D:8)
  5 hounds
  2 orc priests (D:6)
  A centaur skeleton (D:5)
  2 iguanas
  5 orc wizards
  A killer bee zombie (D:6)
  9 gnolls
  9 adders
  2 shadow imps (D:6)
  3 white imps
  An ufetubus (D:4)
  A worm (D:2)
  A dart slug (D:5)
  18 orcs
  5 ball pythons
  2 bats
  6 endoplasms
  2 giant cockroaches
  6 goblins
  6 hobgoblins
  6 kobolds
  3 quokkas
  3 frilled lizards
  5 rats
138 creatures vanquished.

Vanquished Creatures (others)
  An orc wizard (D:8)
1 creature vanquished.

Grand Total: 139 creatures vanquished

Notes
Turn   | Place    | Note
-------+----------+-------------------------------------------
     0 | D:1      | theElss the Gargoyle Berserker began the quest for the Orb.
     0 | D:1      | Reached XP level 1. HP: 14/14 MP: 1/1
    90 | D:1      | Found a faded altar of an unknown god.
   155 | D:1      | Reached XP level 2. HP: 12/19 MP: 2/2
   318 | D:1      | You fall into a shaft and drop 1 floor!
   695 | D:1      | Reached XP level 3. HP: 20/23 MP: 3/3
  1347 | D:2      | Reached XP level 4. HP: 22/29 MP: 4/4
  1435 | D:2      | Reached ** piety under Trog
  1918 | D:3      | Reached XP level 5. HP: 33/33 MP: 5/5
  2003 | D:3      | Found a broken altar of Ashenzari.
  2057 | D:3      | Found a shadowy altar of Dithmenos.
  2199 | D:3      | Found a blossoming altar of Fedhas.
  2475 | D:4      | Found a white marble altar of Elyvilon.
  2609 | D:4      | Reached XP level 6. HP: 27/39 MP: 6/6
  2822 | D:4      | Found a shimmering blue altar of Sif Muna.
  3015 | D:4      | Found Ymul's Fire Supplies.
  3274 | D:5      | Entered Level 5 of the Dungeon
  3280 | D:5      | Found an opulent altar of Gozag.
  3617 | D:5      | Reached skill level 5 in Fighting
  3721 | D:5      | Reached XP level 7. HP: 36/44 MP: 7/7
  4197 | D:6      | Found a transporter.
  4249 | D:6      | Reached skill level 5 in Maces & Flails
  4285 | D:6      | Reached skill level 5 in Armour
  4454 | D:6      | Reached XP level 8. HP: 51/51 MP: 8/8
  4646 | D:6      | Noticed Sigmund
  4653 | D:6      | Killed Sigmund
  4728 | D:6      | Found a transporter.
  4848 | D:6      | Reached *** piety under Trog
  5126 | D:7      | Reached XP level 9. HP: 56/56 MP: 9/9
  5283 | D:7      | Reached skill level 5 in Dodging
  5502 | D:7      | Found a staircase to the Ecumenical Temple.
  5525 | D:7      | Found a burning altar of Makhleb.
  5898 | D:8      | Noticed a hornet
  5917 | D:8      | Killed a hornet
  5918 | D:8      | Reached XP level 10. HP: 64/64 MP: 10/10
  5965 | D:8      | Gained mutation: You are frail. (-10% HP) [potion of
                  | mutation]
  5965 | D:8      | Lost mutation: You are frail. (-10% HP) [potion of
                  | mutation]
  5965 | D:8      | Gained mutation: Your muscles are strong. (Str +2) [potion
                  | of mutation]
  5984 | D:8      | HP: 3/65 [orc warrior/+0 glaive (8)]
  6036 | D:8      | Slain by an orc warrior

Illustrated notes

Levels and vault maps discovered:
D:1:      nicolae_arrival_washed_ashore, layout_loops_ring,
          ebering_ecumenical_altar_sacrificial
D:2:      layout_basic, minmay_close_crescents
D:3:      layout_rooms, old_standard_altar, grunt_dithmenos_smoke,
          ashenzari_conservatory_becter, kennysheep_generic_room_4
D:4:      layout_loops_cross, mainiacjoe_overflow_concentric_impassable,
          mainiacjoe_overflow_paths, nicolae_shop_fire_sale
          [nicolae_sub_dead_trees]
D:5:      layout_loops_ring, mainiacjoe_overflow_small_starburst
D:6:      gammafunk_cloud_chamber, layout_cave_pools, uniq_sigmund
D:7:      layout_basic, lemuel_round_altar, minmay_temple_entry_glass,
          bh_walls_and_bars
D:8:      layout_rooms, enter_ossuary_1, hangedman_decor_riveting

Skill      XL: |  1  2  3  4  5  6  7  8  9 10 |
---------------+-------------------------------+-----
Dodging        | 2 3 4 6 |  6.2
Armour         | 3 4 5 6 7 8 |  8.2
Fighting       | 4 5 6 8 |  8.5
Maces & Flails | 4 5 6 7 |  7.8

Action                   |  1- 3 |  4- 6 |  7- 9 | 10-12 || total
-------------------------+-------+-------+-------+-------++-------
Melee: Mace              |    80 |    85 |       |       ||   165
       Punch             |     1 |     2 |    11 |       ||    14
       Whip              |       |    86 |   440 |    86 ||   612
       Dire flail        |       |       |     2 |       ||     2
Invok: Berserk           |     1 |     4 |     4 |     1 ||    10
       Trog's Hand       |       |       |     2 |     4 ||     6
Evoke: Wand              |       |       |       |     1 ||     1
  Use: Potion            |       |       |       |     3 ||     3
Armor: Animal skin       |     6 |       |       |       ||     6
       Ring mail         |    32 |    95 |   195 |    64 ||   386
Dodge: Dodged            |    49 |    76 |   209 |   115 ||   449
